 Dungeon Crawl Stone Soup version 0.27-a0-899-ge2d0b17c59 (webtiles) character file.

Game seed: 647423205630703315

494 snetch the Chopper (level 6, 0/63 (84) HPs)
             Began as a Minotaur Berserker on Apr 5, 2021.
             Was a Believer of Trog.
             Slain by Edmund
             ... wielding a +4 dire flail of draining
              (1 damage)
             ... on level 4 of the Dungeon.
             The game lasted 00:07:43 (2367 turns).

snetch the Chopper (Minotaur Berserker)             Turns: 2367, Time: 00:07:44

HP:   0/63 (84)     AC: 10    Str: 24    XL:     6   Next: 92%
MP:   5/5           EV: 11    Int:  4    God:    Trog [**....]
Gold: 223           SH:  0    Dex:  9    Spells: 5/5 levels left

rFire    . . .     SeeInvis .   a - +0 war axe
rCold    . . .     Faith    .   (no shield)
rNeg     . . .     Spirit   .   v - +0 scale mail
rPois    .         Reflect  .   (helmet restricted)
rElec    .         Harm     .   c - +1 cloak
rCorr    +         Rampage  .   b - +0 pair of gloves
Will     .....                  (no boots)
Stlth    ..........             (no amulet)
HPRegen  0.20/turn              s - ring of resist corrosion
MPRegen  0.09/turn              (no ring)

@: berserking, very heavily drained, very quick
A: horns 2, retaliatory headbutt
a: Renounce Religion, Berserk, Trog's Hand


You were on level 4 of the Dungeon.
You worshipped Trog.
Trog was pleased with you.
You visited 1 branch of the dungeon, and saw 5 of its levels.

You collected 223 gold pieces.

Inventory:

Hand Weapons
 a - a +0 war axe (weapon)
 i - a +0 scythe
Missiles
 e - 80 stones
 g - 22 bolts
 j - 19 sling bullets
 n - 17 poisoned darts (quivered)
 o - 5 silver boomerangs
Armour
 b - a +0 pair of gloves (worn)
 c - a +1 cloak (worn)
 p - a +1 robe of positive energy
 v - a +0 scale mail (worn)
Jewellery
 k - a ring of ice
 s - a ring of resist corrosion (left hand)
Scrolls
 d - a scroll of amnesia {unknown}
 f - 3 scrolls of teleportation {unknown}
 q - a scroll of blinking {unknown}
 t - a scroll of fear {unknown}
 x - a scroll of noise {unknown}
Potions
 h - a potion of curing {unknown}
 l - a potion of degeneration {unknown}
 m - a potion of lignification {unknown}
 r - a potion of brilliance {unknown}
 u - a potion of attraction {unknown}
 w - a potion of haste {unknown}


   Skills:
 + Level 5.6 Fighting
 + Level 6.5 Axes
 + Level 4.1 Armour
 + Level 4.0 Dodging
 + Level 0.9 Stealth


You had 5 spell levels left.
You didn't know any spells.
Your spell library was empty.

Dungeon Overview and Level Annotations

Branches:
Dungeon (5/15)
 Temple: D:4-7

Altars:
Sif Muna
Zin
The Shining One

Shops:
D:2 [   D:3 =

Annotations:
D:4 Edmund


Innate Abilities, Weirdness & Mutations

You have a pair of horns on your head.
You reflexively headbutt those who attack you in melee.


Message History

You barely miss Edmund. Your headbutt misses Edmund.
Edmund hits you with a +4 dire flail of draining!
You feel drained.
You hit Edmund.
Edmund is lightly wounded.
Edmund hits you with a +4 dire flail of draining!
You feel drained.
Edmund hits you with a +4 dire flail of draining!
You feel drained.
A red film seems to cover your vision as you go berserk!
You feel yourself moving faster!
You feel mighty!
Edmund hits you with a +4 dire flail of draining.
* * * LOW HITPOINT WARNING * * *
You feel drained.
* * * LOW HITPOINT WARNING * * *
You slash Edmund! Your headbutt misses Edmund.
Edmund is heavily wounded.
You slash Edmund! Your headbutt misses Edmund.
Edmund is heavily wounded.
Edmund hits you with a +4 dire flail of draining.
* * * LOW HITPOINT WARNING * * *
You feel drained.
* * * LOW HITPOINT WARNING * * *
You barely miss Edmund.
Edmund is heavily wounded.
Edmund hits you with a +4 dire flail of draining.
* * * LOW HITPOINT WARNING * * *
You feel drained.
* * * LOW HITPOINT WARNING * * *
Your scale mail prevents you from hitting Edmund.
Edmund is heavily wounded.
Edmund hits you with a +4 dire flail of draining.
* * * LOW HITPOINT WARNING * * *
You feel drained.
You closely miss Edmund.
Edmund is heavily wounded.
Edmund hits you with a +4 dire flail of draining.
* * * LOW HITPOINT WARNING * * *
You feel drained.
You die...

.#
#..#.......#.#
.#
##.#.......#.#
## .#..._...#.#
#.......#.#
#.....$.#.# ###
..... #.#
#..?####^####.#
#...........#
###@@....####
#...###### #.#.
# #. # .. #.#
.. ##### .. .##
....#.### .
...<....#


You could see Edmund.

Vanquished Creatures
  Sigmund (D:2)
  Blork the orc (D:4)
  A bullfrog (D:2)
  A bullfrog skeleton (D:5)
  Jessica (D:2)
  Natasha (thrice) (D:2)
  3 adders
  A worm (D:3)
  2 dart slugs (D:3)
  2 orcs (D:3)
  4 endoplasms
  4 giant cockroaches
  3 goblins
  8 hobgoblins
  3 jackals (D:5)
  3 quokkas
  4 ball pythons
  3 bats
  2 frilled lizards
  3 kobolds
  A rat (D:3)
54 creatures vanquished.

Notes
Turn   | Place    | Note
-------+----------+-------------------------------------------
     0 | D:1      | snetch the Minotaur Berserker began the quest for the Orb.
     0 | D:1      | Reached XP level 1. HP: 19/19 MP: 0/0
   111 | D:3      | Reached XP level 2. HP: 26/27 MP: 1/1
   166 | D:2      | Reached skill level 4 in Axes
   182 | D:2      | Noticed Natasha
   265 | D:2      | Noticed a crimson imp
   265 | D:2      | Killed Natasha
   266 | D:2      | Reached XP level 3. HP: 15/34 MP: 2/2
   307 | D:3      | Found Wogiheoq's Jewellery Shop.
   385 | D:2      | Noticed Natasha
   393 | D:2      | Killed Natasha
   487 | D:2      | Noticed Natasha
   628 | D:2      | Killed Natasha
   629 | D:2      | Reached XP level 4. HP: 34/41 MP: 3/3
   738 | D:1      | Found a faded altar of an unknown god.
  1094 | D:3      | Reached ** piety under Trog
  1146 | D:2      | Found Fimiyllei's Antique Armour Boutique.
  1147 | D:2      | Noticed Jessica
  1158 | D:2      | Killed Jessica
  1159 | D:2      | Reached skill level 5 in Axes
  1220 | D:2      | Reached XP level 5. HP: 47/47 MP: 4/4
  1290 | D:2      | Noticed Sigmund
  1310 | D:2      | Killed Sigmund
  1311 | D:2      | Reached skill level 5 in Fighting
  1311 | D:2      | Reached XP level 6. HP: 52/56 MP: 5/5
  1475 | D:2      | Reached skill level 6 in Axes
  1831 | D:3      | Found a glowing silver altar of Zin.
  2071 | D:3      | Found a shimmering blue altar of Sif Muna.
  2212 | D:4      | Noticed Blork the orc
  2218 | D:4      | Killed Blork the orc
  2226 | D:5      | Entered Level 5 of the Dungeon
  2350 | D:4      | Found a glowing golden altar of the Shining One.
  2355 | D:4      | Noticed Edmund
  2367 | D:4      | HP: 1/64 [Edmund/+4 dire flail of draining (3)]
  2367 | D:4      | Slain by Edmund

Illustrated notes

Levels and vault maps discovered:
D:1:      lightli_arrival_windingriver, layout_rooms,
          ebering_ecumenical_altar_sacrificial, serial_park_tiny_pond,
          skrybe_limestone_x
D:2:      layout_rooms, serial_shops, shop, uniq_jessica, uniq_natasha,
          uniq_sigmund
D:3:      layout_rooms, zin_academy, lemuel_blue_sif_altar, serial_shops,
          nicolae_shop_behind_doors
D:4:      layout_basic, lemuel_tele_altar, serial_co_window_serial,
          co_window_of_opportunity_a, co_window_of_opportunity_a,
          co_window_paths_b, co_window_paths_b, co_window_paths_a,
          co_window_corner_ca, co_window_corner_b, co_window_cross_2,
          co_window_broadway_a, co_window_broadway_c, co_window_paths_d,
          glass_columns_b, glass_columns_b, uniq_blork_the_orc, uniq_edmund,
          uniq_robin
D:5:      layout_basic, kiku_gazebo_garden_becter,
          ebering_ghost_reflecting_pool, minmay_small_thing

Skill      XL: |  1  2  3  4  5  6 |
---------------+-------------------+-----
Fighting       | 4 5 |  5.6
Axes           | 4 5 6 |  6.5
Armour         | 3 4 |  4.1
Dodging        | 3 4 |  4.0
Stealth        | |  0.9

Action                   |  1- 3 |  4- 6 || total
-------------------------+-------+-------++-------
Melee: Hand axe          |    41 |    67 ||   108
       Headbutt          |     5 |    14 ||    19
       War axe           |       |    39 ||    39
Invok: Berserk           |     1 |     2 ||     3
       Trog's Hand       |       |     1 ||     1
 Stab: Sleeping          |     1 |       ||     1
Armor: Animal skin       |     9 |       ||     9
       Leather armour    |     2 |     5 ||     7
       Ring mail         |       |    18 ||    18
       Scale mail        |       |     5 ||     5
Dodge: Dodged            |    21 |    56 ||    77

Table legend: (Time is in decaauts)
 A = Elapsed time spent in this place.
 B = Non-inter-level travel time spent in this place.
 C = Inter-level travel time spent in this place.
 D = Time resting spent in this place.
 E = Time spent auto-exploring this place.
 F = Levels seen in this place.
 G = Mean time per level.
                   A        B        C        D        E       F      G
               +--------+--------+--------+--------+--------+-----+--------+
         Total |   2436 |   2325 |    111 |    348 |   1138 |   5 |  487.2 |
       Dungeon |   2436 |   2325 |    111 |    348 |   1138 |   5 |  487.2 |
               +--------+--------+--------+--------+--------+-----+--------+

Top non-repeatable levels by time:
     D:2: 914 daAuts
     D:3: 750 daAuts
     D:1: 586 daAuts
     D:4: 165 daAuts
     D:5: 19 daAuts
